K2, neutral male human Wizard ---------- ----- |........| |).@-# |..<.....| |.@.|# |........| |[..|# |........| |)..|# +........| -----# ----.----- # ########### # # # # # # ################## # # ### ### #-----# #|....# #|...| #...`.################# |...| ----- K2 the Conjurer Experience level: 3 Strength: 12 Dexterity: 12 Constitution: 16 Intelligence: 18 Wisdom: 11 Charisma: 10 Health: 0(23) Energy: 29(30) Def: 1 Gold: 0 Moves: 1709 Dungeon seed: fgwCnFsKnoSKNaIn Game ID: K2_1475589763 Your Inventory: Weapons a - the uncursed +0 Grimtooth (weapon in hand) r - a blessed +1 quarterstaff (alternate weapon; not wielded) Armor e - an uncursed +0 cloak of magic resistance (being worn) n - an uncursed +0 leather armor Comestibles o - 3 uncursed lichen corpses u - an uncursed fortune cookie x - an uncursed apple z - an uncursed candy bar A - an uncursed blackberry Scrolls j - an uncursed scroll of create monster k - an uncursed scroll of stinking cloud q - 2 cursed scrolls of teleportation s - an uncursed scroll of punishment C - an uncursed scroll of food detection Spellbooks l - a blessed spellbook of force bolt m - an uncursed spellbook of light Potions g - an uncursed potion of invisibility h - an uncursed potion of sleeping p - a blessed potion of monster detection t - an uncursed potion of gain ability v - an uncursed potion of booze w - an uncursed potion of enlightenment D - an uncursed potion of gain ability Rings c - an uncursed ring of teleportation d - an uncursed +2 ring of increase damage (on left hand) E - an uncursed ring of conflict Wands b - an uncursed wand of make invisible (0:5) Spells and supernatural/magical abilities: Name Level Category Fail Memory a - force bolt 1 attack 0% 92% l - light 1 divination 0% 92% W - pray for help -- divine ? -- Your skills at the end: Fighting Skills wands [Basic] Weapon Skills quarterstaff [Basic] Spellcasting Skills attack spells [Basic] enchantment spells [Basic] Final Attributes: You were fervently aligned. You were magic-protected. You had a +2 damage bonus. You are dead. Vanquished creatures: 2 coyotes 4 giant rats 7 jackals 8 grid bugs 4 lichens 2 kobold zombies 2 newts 29 creatures vanquished. Voluntary challenges: You were an atheist. You used a wielded weapon 29 times, starting on turn 5. You read items or engraved 2 times, starting on turn 1690. You never genocided any monsters. You never polymorphed an object. You never changed form. You used no wishes. You never split a pudding. You never wrote Elbereth's name. You violated your moral code, losing 1 point of alignment, starting on turn 1703. You abstained from Elbereth's help. Dungeon overview: The Dungeons of Doom: levels 1 to 4 Level 1 a long staircase Level 2 a long staircase Level 3 some fountains Level 4 <- You were here a general store History has recorded: On T:1 you entered the Dungeons of Doom to retrieve the Amulet of Yendor! On T:323 you reached level 2 of The Dungeons of Doom. On T:735 you advanced to experience level 2. On T:885 you reached level 3 of The Dungeons of Doom. On T:1432 you reached level 4 of The Dungeons of Doom. On T:1481 you advanced to experience level 3. Score breakdown: Gold: 0 ( 0 points) Experience: 3 levels ( 7878 points) Exploration: 4 levels ( 8.00%) ( 7423 points) Discoveries: 4 items ( 1.38%) ( 3523 points) Valuables value: (no points given unless you survive) Artifact value: 300 ( 8431 points) Variety of kills: 7 monsters ( 1.83%) ( 4055 points) Turncount: 1709 turns ( 0 points) Survival: died (score multiplied by 80%) Total score: 25048 Latest messages: The missiles bounce off! The magic missile bounces! (2x) You miss Angmagssalik. Angmagssalik zaps an oak wand! Boing! Angmagssalik zaps a wand of striking! Boing! You miss Angmagssalik. Angmagssalik zaps a wand of striking! Boing! You miss Angmagssalik. Angmagssalik zaps a wand of striking! Boing! Angmagssalik zaps a wand of striking! Boing! You miss Angmagssalik. Angmagssalik zaps a wand of striking! Boing! You miss Angmagssalik. Angmagssalik hits! (2x) Angmagssalik zaps a wand of striking! Boing! You miss Angmagssalik. Angmagssalik hits! You die... Angmagssalik takes all your possessions. Final status: Goodbye K2 the Wizard, killed by a Mr. Angmagssalik, the shopkeeper... You died in The Dungeons of Doom on dungeon level 4 with 25048 points, and 0 pieces of gold, after 1709 moves. You were level 3 with a maximum of 23 hit points when you died.